AoeStats
← [ KOF ] M. Kowalski

Arena

508024148Analyzed
2v2 RM · 10d ago on Sep 20, 2026· 46m 41s· 4 players
Game mode
Random Map
Map size
Medium (4 player)
Population
200
Speed
Normal
Resources
Standard
Victory
Conquest
Starting age
Dark Age
Ending age
Imperial Age
RankedLock teamsTeams togetherTeam positionsShared explorationLock speedFull tech treeHidden civsTurbo modeCheats
Victory
Defeat
🇨🇳 Vietnamese · China
1347
+17
🇨🇳 Spanish · China
1346
+17
🇲🇽 Romans · Mexico
1401
-18
🇦🇷 Hindustanis · Argentina
1343
-16
极地沙尘暴
10:52 Feudal Age
11:28 Loom
12:07 Double-Bit Axe
14:42 Castle Age
14:38 Horse Collar
22:22 Wheelbarrow
22:49 Padded Archer Armor
28:31 Imperial Age
30:10 Leather Archer Armor
30:07 Bloodlines
29:57 Husbandry
30:31 Conscription
32:16 Devotion
35:01 Hand Cart
41:26 Bow Saw
46:21 Ring Archer Armor
剃刀割猪头
10:10 Feudal Age
15:19 Castle Age
13:30 Horse Collar
14:18 Double-Bit Axe
16:32 Loom
18:06 Bow Saw
19:09 Fletching
19:11 Gold Mining
20:27 Bodkin Arrow
21:07 Heavy Plow
21:56 Stone Mining
23:21 Padded Archer Armor
26:00 Wheelbarrow
26:47 Leather Archer Armor
33:25 Imperial Age
31:20 Hand Cart
32:31 Fortified Wall
33:35 Ballistics
35:09 Hoardings
34:53 Chatras
35:44 Scale Barding Armor
36:31 Bloodlines
37:58 Chain Barding Armor
38:26 Town Watch
39:21 Plate Barding Armor
39:21 Husbandry
38:45 Elite Battle Elephant
40:20 Forging
41:47 Iron Casting
42:08 Stone Shaft Mining
43:40 Chemistry
44:34 Bracer
~KOF~Legonas
10:10 Feudal Age
10:14 Feudal Age
11:52 Loom
14:58 Castle Age
13:14 Double-Bit Axe
17:36 Horse Collar
21:58 Fortified Wall
23:43 Ballistics
24:12 Masonry
24:29 Redemption
26:07 Bow Saw
27:02 Wheelbarrow
30:32 Imperial Age
28:02 Stone Mining
29:31 Gold Mining
29:17 Man-at-Arms
29:58 Squires
30:02 Scale Mail Armor
30:36 Heavy Plow
30:01 Long Swordsman
31:38 Fletching
32:03 Chain Mail Armor
32:08 Legionary
33:19 Conscription
38:21 Forging
38:32 Ballistas
39:07 Pikeman
40:47 Comitatenses
42:38 Halberdier
43:46 Hand Cart
43:36 Husbandry
44:14 Scale Barding Armor
45:44 Chemistry
[ KOF ] M. Kowalski
5:09 Loom
10:34 Feudal Age
11:28 Double-Bit Axe
11:25 Horse Collar
19:34 Castle Age
17:39 Fletching
18:31 Stone Mining
20:57 Bow Saw
22:01 Bodkin Arrow
27:31 Fortified Wall
29:51 Wheelbarrow
35:14 Imperial Age
38:14 Ballistics
40:29 Town Watch
Connection lost

Rejoining the realm…

Still unreachable

The connection could not be restored.

Session expired

The server has moved on; the page needs a fresh start.